 Dungeon Crawl Stone Soup version 0.26.0-10-g1f06aea511 (webtiles) character file.

Game seed: 12306059865000882622

112 nightchill the Chopper (level 4, 0/38 HPs)
             Began as a Ghoul Gladiator on Jan 28, 2021.
             Slain by an orc
             ... wielding a +0 trident
              (1 damage)
             ... on level 3 of the Dungeon.
             The game lasted 00:04:05 (2311 turns).

nightchill the Chopper (Ghoul Gladiator)            Turns: 2311, Time: 00:04:06

Health: 0/38       AC: 10    Str: 13 (17) XL:     4   Next: 93%
Magic:  3/3        EV:  6    Int:  3 (4)  God:
Gold:   107        SH:  5    Dex:  9 (10) Spells: 3/3 levels left

rFire    . . .     SeeInvis .   a - +0 war axe
rCold    + . .     Faith    .   (no shield)
rNeg     + + +     Spirit   .   z - +0 chain mail
rPois    ∞         Reflect  +   c - +0 helmet
rElec    .         Harm     .   y - +0 cloak
rCorr    .         Rampage  .   (no gloves)
Will     .....                  (no boots)
Stlth    ..........             t - amulet of reflection
HPRegen  0.00/turn              v - ring of stealth
MPRegen  0.08/turn              (no ring)

@: attractive
A: claws 1, cold resistance 1, negative energy resistance 3, inhibited
regeneration, torment resistance, unbreathing
a: no special abilities


You were on level 3 of the Dungeon.
You visited 1 branch of the dungeon, and saw 3 of its levels.

You collected 107 gold pieces.

Inventory:

Hand Weapons
 a - a +0 war axe (weapon)
Missiles
 d - 3 throwing nets (quivered)
 o - 79 stones
Armour
 b - a +0 leather armour
 c - a +0 helmet (worn)
 w - a +0 tower shield
 y - a +0 cloak (worn)
 z - a +0 chain mail (worn)
Jewellery
 t - an amulet of reflection (around neck)
 v - a ring of stealth (left claw)
Wands
 A - a wand of digging (1)
Scrolls
 e - 3 scrolls of identify {unknown}
 h - a scroll of remove curse {unknown}
 k - a scroll of enchant armour {unknown}
 l - a scroll of random uselessness {unknown}
 p - a scroll of noise {unknown}
 q - a scroll of magic mapping {unknown}
 s - a scroll of amnesia {unknown}
 u - a scroll of teleportation {unknown}
Potions
 f - a potion of lignification


   Skills:
 + Level 3.5 Fighting
 * Level 4.3 Axes
 - Level 1.7 Throwing
 - Level 2.6 Dodging


You had 3 spell levels left.
You didn't know any spells.
Your spell library was empty.

Dungeon Overview and Level Annotations

Branches:
Dungeon (3/15)

Altars:
Fedhas

Annotations:
D:2 exclusion: 2 downstairs


Innate Abilities, Weirdness & Mutations

You thrive by killing the living.
You are immune to poison.
You have sharp fingernails.
Your flesh is cold resistant. (rC+)
You are immune to negative energy. (rN+++)
You do not regenerate when monsters are visible.
You are immune to unholy pain and torment.
You can survive without breathing.


Message History

You block the orc wizard's attack. The orc closely misses you.
The orc wizard hits you but does no damage.
It was a potion of cancellation.
Your magical effects are unravelling.
You feel magically purged.
You float gracefully downwards.
You feel a little less clever now.
The orc wizard hits you but does no damage.
The orc barely misses you.
It was a potion of degeneration.
There was something very wrong with that liquid.
You feel weakened.
You feel dopey.
You feel clumsy.
The orc wizard hits you with a +0 dagger.
* * * LOW HITPOINT WARNING * * *
The orc hits you but does no damage.
The orc wizard hits you but does no damage.
It was a potion of attraction.
You feel attractive to monsters. You block the orc wizard's attack.
The orc hits you from afar with a +0 trident.
You die...

#.### ....#.♣ #.#..
.)..... #...#
......#
#...####....o.. #
#...#<.')o...)#
...o#..o..##......#
...o...ooo.o..>....
#.####o#o###.......
#.#@# ....... ..#.#
..>.... ####.#
....... ##.##
....... #...# #)#.#
#.#.## ..#..#
#.###.##


You could see an orc priest, an orc wizard (fast) and 3 orcs.

Vanquished Creatures
  Terence (D:2)
  2 adders (D:2)
  An ooze (D:1)
  2 dart slugs
  A leopard gecko (D:3)
  2 orcs (D:3)
  6 goblins
  5 hobgoblins
  4 jackals (D:1)
  6 kobolds
  A quokka (D:2)
  9 bats
  A frilled lizard (D:2)
  4 rats
45 creatures vanquished.

Vanquished Creatures (others)
  An orc wizard (D:3)
1 creature vanquished.

Grand Total: 46 creatures vanquished

Notes
Turn   | Place    | Note
-------+----------+-------------------------------------------
     0 | D:1      | nightchill the Ghoul Gladiator began the quest for the Orb.
     0 | D:1      | Reached XP level 1. HP: 17/17 MP: 0/0
   279 | D:1      | Reached skill level 3 in Axes
   279 | D:1      | Reached XP level 2. HP: 16/25 MP: 1/1
  1079 | D:1      | Reached XP level 3. HP: 30/30 MP: 2/2
  1158 | D:2      | Found a blossoming altar of Fedhas.
  1282 | D:2      | Found a faded altar of an unknown god.
  1853 | D:2      | Reached XP level 4. HP: 38/38 MP: 3/3
  1890 | D:3      | Noticed Terence
  1908 | D:2      | Killed Terence
  1909 | D:2      | Reached skill level 4 in Axes
  2310 | D:3      | HP: 1/38 [orc wizard/+0 dagger (1)]
  2311 | D:3      | Slain by an orc

Illustrated notes

Levels and vault maps discovered:
D:1:      dpeg_arrival_subterranean_lakeside_camping, layout_loops_ring,
          minmay_misc_feat_five
D:2:      layout_rooms, fedhas_altar_3, chequers_ecumenical_altar_simple
D:3:      minmay_general_purpose_star, layout_basic, okawaru_trees_1,
          nicolae_overflow_hidden_temple, nicolae_overflow_crystal_walls,
          uniq_robin, uniq_terence

Skill      XL: |  1  2  3  4 |
---------------+-------------+-----
Axes           | 3 4 |  4.3
Fighting       | 3 |  3.5
Throwing       | |  1.7
Dodging        | |  2.6

Action                   |  1- 3 |  4- 6 || total
-------------------------+-------+-------++-------
Melee: War axe           |   100 |    69 ||   169
  Use: Potion            |       |     8 ||     8
Armor: Leather armour    |    33 |       ||    33
       Chain mail        |     3 |    51 ||    54
Dodge: Dodged            |    83 |    32 ||   115
Block: Other             |     2 |    23 ||    25
       Reflection        |     1 |     1 ||     2
